 Dungeon Sprint DCSS version 0.21.1-1-g345015f (webtiles) character file.

372 Psiloshibe the Carver (level 6, -5/88 HPs)
             Began as a Barachi Berserker on June 7, 2018.
             Was an Elder of Trog.
             Slain by a catoblepas (27 damage)
             ... in the Dungeon (Sprint IX: "|||||||||||||||||||||||||||||").
             The game lasted 00:02:52 (328 turns).

Psiloshibe the Carver (Barachi Berserker)            Turns: 328, Time: 00:02:53

Health: -5/88      AC:  9    Str: 25    XL:     6   Next: 71%
Magic:  6/6        EV: 12    Int:  7    God:    Trog [****..]
Gold:   0          SH:  0    Dex: 12    Spells: 5/5 levels left

rFire    . . .     SeeInvis .   q - +2 rapier (venom)
rCold    . . .     Gourm    .   (no shield)
rNeg     . . .     Faith    .   u - +1 scale mail
rPois    .         Spirit   .   (no helmet)
rElec    .         Reflect  .   (no cloak)
rCorr    .         Harm     .   t - +0 pair of gloves
MR       ++...     NoTele   +   (no boots)
Stlth    ..........             (no amulet)
HPRegen  1.24/turn              (no ring)
MPRegen  0.10/turn              (no ring)

@: berserking, regenerating, quick
A: +LOS, swims, slowness 1, strong legs 1
a: Hop, Berserk, Trog's Hand, Brothers in Arms, Burn Spellbooks, Renounce
Religion


You were in the Dungeon.
You worshipped Trog.
Trog was greatly pleased with you.
You were very hungry.

You visited 1 branch

Inventory:

Hand Weapons
 a - a +0 falchion
 p - a +2 dire flail of protection
 q - a +2 rapier of venom (weapon)
 r - a +2 scimitar of holy wrath
Missiles
 s - 5 steel tomahawks (quivered)
Armour
 t - a +0 pair of gloves (worn)
 u - a +1 scale mail (worn)
Jewellery
 n - a +3 ring of dexterity
 o - a +3 ring of intelligence
Wands
 m - a wand of iceblast (10)
Scrolls
 i - 2 scrolls of blinking
 l - 3 scrolls of remove curse
Potions
 d - 5 potions of curing
 e - 3 potions of heal wounds
 f - a potion of haste
 g - 4 potions of magic
 h - a potion of berserk rage
 k - a potion of invisibility
Comestibles
 c - a ration
 j - 4 chunks of flesh


   Skills:
 + Level 9.4 Fighting
 + Level 1.2(6.2) Short Blades
 + Level 10.5 Long Blades
 * Level 5.8 Throwing
 + Level 5.0 Armour
 + Level 5.0 Dodging
 + Level 0.1 Stealth


You had 5 spell levels left.
You didn't know any spells.

Dungeon Overview and Level Annotations

Branches:
Dungeon (1/1)

Altars:
Cheibriados
Dithmenos
Elyvilon
Fedhas
Gozag
Hepliaklqana
Kikubaaqudgha
Makhleb
Nemelex Xobeh
Okawaru
Qazlal
Ru
Sif Muna
Trog
Uskayaw
Vehumet
Wu Jian
Xom
Yredelemnul
Zin
The Shining One
Beogh
Jiyva
Lugonu


Innate Abilities, Weirdness & Mutations

Shadows flee at your approach. (+LOS)
You can swim through water.
You cover ground slowly.
You can hop short distances.


Message History

You puncture the catoblepas!
The catoblepas is moderately wounded.
You hit the catoblepas.
The catoblepas is poisoned.
The catoblepas is moderately wounded.
The catoblepas misses you.
You barely miss the catoblepas.
The catoblepas is moderately wounded.
You hit the catoblepas.
The catoblepas looks as sick as possible!
The catoblepas is heavily wounded.
The catoblepas gores you.
* * * LOW HITPOINT WARNING * * *
You puncture the catoblepas!
The catoblepas looks as sick as possible!
The catoblepas is severely wounded.
You hit the catoblepas but do no damage.
The catoblepas looks as sick as possible!
The catoblepas is severely wounded.
The catoblepas gores you!!
You die... ▓▓▓▓▓▓▓▓▓▓▓▓▓▓▓▓▓▓▓▓▓▓▓▓ +oTHKTY@......'.[.[.)|?. ▓▓▓▓▓▓▓▓▓▓▓▓▓▓▓▓▓▓▓▓▓▓▓▓

You could see a catoblepas, a manticore, 2 trolls, a big kobold and an orc.

Vanquished Creatures
  An ice beast (D)
  2 scorpions (D)
  3 crimson imps (D)
  An orc (D)
  A bat (D)
  A goblin (D)
  2 kobolds (D)
  A leopard gecko zombie (D)
  A rat (D)
13 creatures vanquished.

Vanquished Creatures (collateral kills)
  An orc warrior (D)
  An orc wizard (D)
  A jackal zombie (D)
3 creatures vanquished.

Grand Total: 16 creatures vanquished

Notes
Turn   | Place    | Note
-------+----------+-------------------------------------------
     0 | D        | Psiloshibe the Barachi Berserker began the quest for the Orb.
     0 | D        | Reached XP level 1. HP: 18/18 MP: 1/1
    11 | D        | Reached skill level 4 in Long Blades
    13 | D        | Reached ** piety under Trog
    20 | D        | Reached skill level 1 in Throwing
    34 | D        | Noticed a scorpion
    34 | D        | Noticed a crimson imp
    34 | D        | Noticed a crimson imp
    34 | D        | Noticed an ice beast
    40 | D        | Killed an ice beast
    40 | D        | Reached skill level 7 in Long Blades
    40 | D        | Reached XP level 2. HP: 29/29 MP: 2/2
    40 | D        | Reached XP level 3. HP: 35/35 MP: 3/3
    40 | D        | Reached XP level 4. HP: 41/41 MP: 4/4
    43 | D        | Reached *** piety under Trog
    43 | D        | Reached XP level 5. HP: 48/48 MP: 5/5
    47 | D        | Reached skill level 8 in Long Blades
    54 | D        | Reached **** piety under Trog
    54 | D        | Reached skill level 9 in Long Blades
    61 | D        | Found a roughly hewn altar of Beogh.
    61 | D        | Found a snail-covered altar of Cheibriados.
    61 | D        | Found a shadowy altar of Dithmenos.
    61 | D        | Found a white marble altar of Elyvilon.
    61 | D        | Found a blossoming altar of Fedhas.
    61 | D        | Found an opulent altar of Gozag.
    61 | D        | Found a hazy altar of Hepliaklqana.
    62 | D        | Found a viscous altar of Jiyva.
    63 | D        | Found an ancient bone altar of Kikubaaqudgha.
    64 | D        | Found a corrupted altar of Lugonu.
    65 | D        | Found a burning altar of Makhleb.
    66 | D        | Found a sparkling altar of Nemelex Xobeh.
    67 | D        | Found an iron altar of Okawaru.
    68 | D        | Found a stormy altar of Qazlal.
    69 | D        | Found a sacrificial altar of Ru.
    70 | D        | Found a deep blue altar of Sif Muna.
    71 | D        | Found a bloodstained altar of Trog.
    72 | D        | Found a hide-covered altar of Uskayaw.
    73 | D        | Found a radiant altar of Vehumet.
    74 | D        | Found an ornate altar of the Wu Jian Council.
    75 | D        | Found a shimmering altar of Xom.
    76 | D        | Found a basalt altar of Yredelemnul.
    77 | D        | Found a glowing silver altar of Zin.
    78 | D        | Found a glowing golden altar of the Shining One.
   103 | D        | Noticed an orc warrior
   114 | D        | Reached skill level 5 in Throwing
   114 | D        | Reached XP level 6. HP: 33/57 MP: 6/6
   133 | D        | Reached skill level 10 in Long Blades
   141 | D        | Killed an orc warrior
   141 | D        | Reached skill level 1 in Short Blades
   141 | D        | Reached skill level 5 in Armour
   141 | D        | Reached skill level 5 in Dodging
   311 | D        | Noticed a troll
   311 | D        | Noticed a manticore
   311 | D        | Noticed a troll
   311 | D        | Noticed a catoblepas
   328 | D        | Slain by a catoblepas

Skill      XL: |  1  2  3  4  5  6 |
---------------+-------------------+-----
Fighting       | 6 7 8 9 |  9.4
Long Blades    | 7 9 10 | 10.5
Throwing       | 3 4 5 |  5.8
Armour         | 3 4 5 |  5.0
Dodging        | 3 4 5 |  5.0
Short Blades   | 1 |  1.2
Stealth        | |  0.1

Action                   |  1- 3 |  4- 6 || total
-------------------------+-------+-------++-------
Melee: Falchion          |    20 |    15 ||    35
       Rapier            |       |    17 ||    17
Invok: Trog's Hand       |     1 |     2 ||     3
       Berserk           |     1 |     1 ||     2
       Brothers in Arms  |       |     1 ||     1
  Eat: Chunk             |       |     1 ||     1
Armor: Animal skin       |     1 |     4 ||     5
       Scale mail        |       |     4 ||     4
Dodge: Dodged            |    14 |    19 ||    33
       Rpst.: Falchion   |     5 |     1 ||     6
